 Dungeon Crawl Stone Soup version 0.22-a0-848-ge9e22a0 (webtiles) character file.

2 mhoghedin the Magician (level 1, 0/11 HPs)
             Began as a Kobold Wizard on July 26, 2018.
             Slain by a bat (1 damage)
             ... on level 1 of the Dungeon.
             The game lasted 00:00:42 (47 turns).

mhoghedin the Magician (Kobold Wizard)                Turns: 47, Time: 00:00:42

Health: 0/11       AC:  2    Str:  4    XL:     1   Next: 44%
Magic:  0/4        EV: 15    Int: 19    God:
Gold:   0          SH:  0    Dex: 13    Spells: 5/6 levels left

rFire    . . .     SeeInvis .   (weapon restricted)
rCold    . . .     Gourm    .   (shield restricted)
rNeg     . . .     Faith    .   a - +0 robe
rPois    .         Spirit   .   b - +0 hat
rElec    .         Reflect  .   (no cloak)
rCorr    .         Harm     .   (no gloves)
MR       .....                  (no boots)
Stlth    ++........             (no amulet)
HPRegen  0.03/turn              (no ring)
MPRegen  0.09/turn              (no ring)

@: no status effects
A: small, carnivore
a: no special abilities


You were on level 1 of the Dungeon.
You were not hungry.

You visited 1 branch of the dungeon, and saw 2 of its levels.

Inventory:

Armour
 a - a +0 robe (worn)
 b - a +0 hat (worn)
Comestibles
 d - a ration


   Skills:
 * Level 0.4 Fighting
 + Level 2.5 Dodging
 + Level 2.8 Stealth
 - Level 3.2 Spellcasting
 - Level 1.0 Conjurations
   Level 1.0 Summonings
   Level 1.0 Translocations


You had 5 spell levels left.
You knew the following spells:

 Your Spells              Type           Power        Failure   Level  Hunger
a - Magic Dart            Conj           #...         10%         1    None

Your spell library contained the following spells:

 Spells                   Type           Power        Failure   Level  Hunger
 Conjure Flame            Conj/Fire      #.......     36%         3    ###....
 Slow                     Hex            #.......     22%         2    ##.....
 Mephitic Cloud           Conj/Pois/Air  #.......     36%         3    ###....
 Blink                    Tloc           N/A          16%         2    ##.....
 Call Imp                 Summ           #.......     16%         2    ##.....


Dungeon Overview and Level Annotations

Branches:
Dungeon (2/15)

Altars:


Innate Abilities, Weirdness & Mutations

You are small and have problems with some larger weapons.
You are carnivorous and can eat meat at any time.


Message History

Hello, welcome to Dungeon Crawl Stone Soup 0.22-a0-848-ge9e22a0! (c) Copyright 1997-2002 Linley Henzell, 2002-2018 Crawl DevTeam Read the instructions for legal details. (Options read from mhoghedin.rc.) Welcome, mhoghedin the Kobold Wizard.
Will you be the one to retrieve the fabulous Orb of Zot from the depths?
Found a ring mail, a scroll labeled QOATEN ROBODATS and 24 stones.
Found a staircase leading out of the dungeon.
Okay, then.
Unknown command.
Unknown command.
Unknown command.
c - a scroll labeled QOATEN ROBODATS
Found a stone staircase leading down.
A dart slug comes into view.
Aim: a dart slug (clinging, resting)
The magic dart hits the dart slug.
You now have 3/4 mp.
Aim: a dart slug (heavily wounded, clinging)
The magic dart hits the dart slug.
You now have 2/4 mp.
Aim: a dart slug (heavily wounded, clinging)
The magic dart hits the dart slug.
You now have 1/4 mp.
Aim: a dart slug (severely wounded)
The magic dart hits the dart slug.
You now have 0/4 mp.
You don't have enough magic to cast that spell.
A bat comes into view.
You hit the dart slug but do no damage. You hit the dart slug.
The dart slug closely misses you.
You hit the dart slug.
You kill the dart slug!
Health restored: 11 A kobold comes into view.
It is wielding a short sword.
The bat barely misses you. The bat closely misses you.
There is a stone staircase leading down here.
The bat closely misses you.
The kobold shouts!
A leopard gecko comes into view.
The bat completely misses you.
The leopard gecko moves out of view.
There is a stone staircase leading down here.
The bat misses you.
You climb downwards.
A giant cockroach comes into view.
There is a stone staircase leading up here.
Aim: a giant cockroach (resting)
The magic dart hits the giant cockroach.
The giant cockroach misses you.
You now have 0/4 mp.
You closely miss the giant cockroach.
The giant cockroach waves its antennae.
The giant cockroach misses you.
You closely miss the giant cockroach. The giant cockroach closely misses you.
You hit the giant cockroach. The giant cockroach bites you.
You take 1 damage, and have 10/11 hp.
You completely miss the giant cockroach.
The giant cockroach bites you. The giant cockroach closely misses you.
You take 2 damage, and have 8/11 hp.
You hit the giant cockroach but do no damage.
The giant cockroach closely misses you.
You hit the giant cockroach but do no damage.
The giant cockroach barely misses you.
You hit the giant cockroach but do no damage.
The giant cockroach bites you.
You take 1 damage, and have 7/11 hp.
You barely miss the giant cockroach. The giant cockroach bites you.
You take 2 damage, and have 5/11 hp.
You hit the giant cockroach but do no damage.
The giant cockroach bites you. The giant cockroach barely misses you.
You take 1 damage, and have 4/11 hp.
Unknown command.
Aim: a giant cockroach (moderately wounded)
The magic dart hits the giant cockroach.
The giant cockroach barely misses you.
You now have 0/4 mp.
As you read the scroll labeled QOATEN ROBODATS, it crumbles to dust.
It is a scroll of identify.
You don't have any unidentified items.
The giant cockroach bites you but does no damage.
Sorry, you're not good enough to have a special ability.
You aren't carrying any potions.
The giant cockroach misses you.
You climb upwards.
A hobgoblin comes into view.
The kobold hits you with a short sword.
* * * LOW HITPOINT WARNING * * *
There is a stone staircase leading down here.
You take 3 damage, and have 1/11 hp.
MASSIVE DAMAGE!!
The bat hits you.
You die...

. g..##. #.# .
##..##.###.#..#... #.
#.......#..#...#... #.##
#..#......#....#..
#..##..##.....#.....##
#..........#.#.....#.
#..s........#....#..
...##..>........#...#...
.......K@b....##....#...#
..............##.#.#.#...
...............#.#....#..
.................#.....#.
..............##.#.....##
.........?...###.#....#..
.....#......## #.#...#...
#..........# #.#..#....
..........# #.#.....


You could see a giant cockroach, a bat and a kobold.

Vanquished Creatures
  A dart slug (D:1)
1 creature vanquished.

Notes
Turn   | Place    | Note
-------+----------+-------------------------------------------
     0 | D:1      | mhoghedin the Kobold Wizard began the quest for the Orb.
     0 | D:1      | Reached XP level 1. HP: 10/10 MP: 4/4
    46 | D:1      | HP: 1/11 [kobold/short sword (3)]
    47 | D:1      | Slain by a bat

Vault maps used:
D:1:      matt_arrival_diagonals, minmay_misc_feat_nine_boxes,
          minmay_misc_feat_cross, st_stairs_7, minmay_tromino_v7

Action                   || total
-------------------------++-------
Melee: Unarmed           ||    12
 Cast: Magic Dart        ||     6
  Use: Scroll            ||     1
Armor: Robe              ||     1
Dodge: Dodged            ||    15

Table legend:
 A = Spawn XP
 B = Non-spawn XP
 C = Spawn XP percentage of total XP
 D = Spawn monster count
 E = Non-spawn monster count
 F = Spawn count percentage of total count
 G = Total turns spent on level
                    A         B        C        D         E        F      G
               +---------+---------+-------+---------+---------+-------+---------
         Total |       0 |       4 |   0.0 |       0 |       1 |   0.0 |    47
               +---------+---------+-------+---------+---------+-------+---------
           D:1 |       0 |       4 |   0.0 |       0 |       1 |   0.0 |    33
               +---------+---------+-------+---------+---------+-------+---------

Vault maps used:
D:1:      matt_arrival_diagonals, minmay_misc_feat_nine_boxes,
          minmay_misc_feat_cross, st_stairs_7, minmay_tromino_v7

Table legend:
 A = Turns spent in this place as a percentage of turns spent in the entire game.
 B = Non-inter-level travel turns spent in this place as a percentage of non-inter-level travel turns spent in the entire game.
 C = Inter-level travel turns spent in this place as a percentage of turns spent in this place.
 D = Turns resting spent in this place as a percentage of non-inter-level travel turns spent in this place.
 E = Turns spent auto-exploring this place as a percentage of non-inter-level travel turns spent in this place.
 F = Non-inter-level travel turns spent in this place divided by the number of levels of this place that you've seen.
                   A       B       C       D       E      F
               +-------+-------+-------+-------+-------+----------------------
         Total | 100.0 | 100.0 |   0.0 |   0.0 |  29.8 |  23.5
       Dungeon | 100.0 | 100.0 |   0.0 |   0.0 |  29.8 |  23.5
               +-------+-------+-------+-------+-------+----------------------

Table legend:
 A = Kills in this place as a percentage of kills in entire the game.
 B = Kills by you in this place as a percentage of kills by you in the entire game.
 C = Kills by friends in this place as a percentage of kills by friends in the entire game.
 D = Other kills in this place as a percentage of other kills in the entire game.
 E = Experience gained in this place as a percentage of experience gained in the entire game.
 F = Experience gained in this place divided by the number of levels of this place that you have seen.
                   A       B       C       D       E      F
               +-------+-------+-------+-------+-------+----------------------
         Total | 100.0 | 100.0 |   N/A |   N/A | 100.0 |   2.0
       Dungeon | 100.0 | 100.0 |   N/A |   N/A | 100.0 |   2.0
               +-------+-------+-------+-------+-------+----------------------
